 Dungeon Crawl Stone Soup version 0.27-a0-1081-ge8a0a9c698 (webtiles) character file.

Game seed: 13894084394880038666

108 harryhousin the Thaumaturge (level 4, -7/32 HPs)
             Began as a Gnoll Wanderer on Apr 21, 2021.
             Was a Follower of Yredelemnul.
             Mangled by an ogre
             ... wielding a +0 giant club
              (16 damage)
             ... on level 4 of the Dungeon on Apr 25, 2021.
             The game lasted 00:15:13 (3831 turns).

harryhousin the Thaumaturge (Gnoll Wanderer)        Turns: 3831, Time: 00:15:14

Health: -7/32      AC:  5    Str: 12    XL:     4   Next: 87%
Magic:  11/15      EV: 11    Int: 13    God:    Yredelemnul [*.....]
Gold:   64         SH:  0    Dex: 10    Spells: 17/21 levels left

rFire    . . .     SeeInvis .   h - +2 short sword (freeze)
rCold    . . .     Faith    .   (no shield)
rNeg     . . .     Spirit   .   c - +2 leather armour {rPois}
rPois    +         Reflect  .   (no helmet)
rElec    .         Harm     .   (no cloak)
rCorr    .         Rampage  .   (no gloves)
Will     .....                  (no boots)
Stlth    +.........             (no amulet)
HPRegen  0.10/turn              (no ring)
MPRegen  0.14/turn              (no ring)

@: hasted, very quick
A: fangs 1, strong nose, distributed training
a: Renounce Religion, Animate Remains


You were on level 4 of the Dungeon.
You worshipped Yredelemnul.
Yredelemnul was aware of your devotion.
You visited 1 branch of the dungeon, and saw 4 of its levels.

You collected 108 gold pieces.
You spent 44 gold pieces at shops.

Inventory:

Hand Weapons
 h - a +2 short sword of freezing (weapon)
Missiles
 k - 80 stones (quivered)
Armour
 c - a +2 leather armour of poison resistance (worn)
Scrolls
 b - a scroll of blinking
 e - a scroll of vulnerability
 f - a scroll of brand weapon {unknown}
 g - a scroll of amnesia {unknown}
 j - 3 scrolls of identify
Potions
 i - a potion of attraction
 m - a potion of curing {unknown}
 n - a potion of berserk rage {unknown}


   Skills:
 + Level 1.2 Fighting
 + Level 1.2 Short Blades
 + Level 1.2 Long Blades
 + Level 1.2 Axes
 + Level 1.2 Maces & Flails
 + Level 1.2 Polearms
 + Level 1.2 Staves
 + Level 1.2 Slings
 + Level 1.2 Bows
 + Level 1.2 Crossbows
 + Level 4.7 Throwing
 + Level 1.2 Armour
 + Level 1.2 Dodging
 + Level 1.2 Stealth
 + Level 1.2 Shields
 + Level 1.2 Unarmed Combat
 + Level 9.3 Spellcasting
 + Level 1.0 Conjurations
 + Level 1.0 Hexes
 + Level 1.0 Summonings
 + Level 2.3 Necromancy
 + Level 1.0 Translocations
 + Level 1.0 Transmutations
 + Level 1.0 Fire Magic
 + Level 3.9 Ice Magic
 + Level 1.0 Air Magic
 + Level 2.3 Earth Magic
 + Level 1.0 Poison Magic
 + Level 1.4 Invocations
 + Level 1.2 Evocations


You had 17 spell levels left.
You knew the following spells:

 Your Spells              Type           Power      Damage    Failure   Level
a - Pain                  Necr           48%        1d6       6%          1
b - Magic Dart            Conj           32%        1d4       10%         1
c - Blink                 Tloc           N/A        N/A       16%         2

Your spell library contained the following spells:

 Spells                   Type           Power      Damage    Failure   Level
 Call Imp                 Summ           8%         N/A       16%         2
 Slow                     Hex            8%         N/A       16%         2
 Vampiric Draining        Necr           6%         2d6       19%         3
 Conjure Flame            Conj/Fire      8%         6-21      30%         3
 Mephitic Cloud           Conj/Pois/Air  8%         N/A       30%         3


Dungeon Overview and Level Annotations

Branches:
Dungeon (4/15)
 Temple: D:4-7

Altars:
Fedhas
Kikubaaqudgha
Makhleb
Qazlal
Sif Muna
Vehumet
Yredelemnul

Shops:
D:1 *   D:2 ?


Innate Abilities, Weirdness & Mutations

You have very sharp teeth.
Your uncanny sense of smell can sniff out nearby items.
Your experience applies equally to all skills.


Message History

The ogre shouts!
The kobold shouts!
Found a lumpy amethyst amulet and 12 gold pieces.
There is a stone staircase leading up here.
Casting: Pain (safe; 6% risk of failure)
Confirm with . or Enter, or press ? or * to list all spells.
Aiming: Pain (safe; 6% risk of failure)
Press: ? - help, Shift-Dir - straight line, f - kobold
Aim: a kobold, wielding a +0 short sword (chance to affect: 82%)
The kobold writhes in agony.
Casting: Pain (safe; 6% risk of failure)
Confirm with . or Enter, or press ? or * to list all spells.
Aiming: Pain (safe; 6% risk of failure)
Press: ? - help, Shift-Dir - straight line, f/p - kobold
Aim: a kobold, wielding a +0 short sword (severely wounded, chance to affect: 82%)
The kobold writhes in agony.
You kill the kobold!
Yredelemnul accepts your kill.
Unknown command.
Casting: Pain (safe; 6% risk of failure)
Confirm with . or Enter, or press ? or * to list all spells.
Aiming: Pain (safe; 6% risk of failure)
Press: ? - help, Shift-Dir - straight line, f - ogre
Aim: an ogre, wielding a +0 giant club (chance to affect: 68%)
The ogre writhes in agony.
Casting: Pain (safe; 6% risk of failure)
Confirm with . or Enter, or press ? or * to list all spells.
Aiming: Pain (safe; 6% risk of failure)
Press: ? - help, Shift-Dir - straight line, f/p - ogre
Aim: an ogre, wielding a +0 giant club (moderately wounded, chance to affect: 68%)
The ogre writhes in agony.
The ogre hits you with a +0 giant club!!
Ouch! That really hurt!
* * * LOW HITPOINT WARNING * * *
It was a potion of haste.
You feel yourself speed up.
You hit the ogre. You freeze the ogre.
The ogre is heavily wounded.
The ogre hits you with a +0 giant club!
Ouch! That really hurt!
You die...
Your body rises from the dead as a mindless zombie.

########
#......#
#......#
#......#
#######).....#
.$...........#
.......O...#
.."....@...#
.......#####
.#.#+##


You could see an ogre.

Vanquished Creatures
  A bullfrog skeleton (D:2)
  3 adders
  7 ball pythons
  3 bats
  4 endoplasms
  A giant cockroach (D:1)
  5 goblins
  4 hobgoblins
  7 jackals
  3 kobolds
  A quokka (D:2)
  2 frilled lizards
  3 rats
44 creatures vanquished.

Notes
Turn   | Place    | Note
-------+----------+-------------------------------------------
     0 | D:1      | Reached skill level 9 in Spellcasting
     0 | D:1      | harryhousin the Gnoll Wanderer began the quest for the Orb.
     0 | D:1      | harryhousin set off with the following items: a +0 club, a
                  | potion of lignification, a +0 robe; and the following
                  | spells available to memorise: Pain, Magic Dart, Vampiric
                  | Draining, Blink, Call Imp, Slow, Conjure Flame, Mephitic
                  | Cloud
     0 | D:1      | Reached XP level 1. HP: 13/13 MP: 10/10
     0 | D:1      | Upgraded the game from 0.27-a0-1060-gcb85b5eba1 to
                  | 0.27-a0-1081-ge8a0a9c698
   325 | D:1      | Found Wiphot's General Store.
   460 | D:1      | Reached XP level 2. HP: 18/19 MP: 12/12
  1177 | D:1      | Learned a level 1 spell: Pain
  1179 | D:1      | Learned a level 1 spell: Magic Dart
  1548 | D:2      | Reached XP level 3. HP: 5/25 MP: 6/13
  1866 | D:2      | Found a faded altar of an unknown god.
  1887 | D:2      | Became a worshipper of Yredelemnul the Dark
  1887 | D:2      | Reached * piety under Yredelemnul
  1891 | D:2      | Learned a level 2 spell: Blink
  2061 | D:2      | Reached skill level 1 in Invocations
  2342 | D:2      | Found Aplo's Magic Scroll Shoppe.
  2346 | D:2      | Bought a scroll of identify for 22 gold pieces
  2346 | D:2      | Bought a scroll of identify for 22 gold pieces
  2399 | D:2      | Reached skill level 1 in Fighting
  2399 | D:2      | Reached skill level 1 in Short Blades
  2399 | D:2      | Reached skill level 1 in Long Blades
  2399 | D:2      | Reached skill level 1 in Axes
  2399 | D:2      | Reached skill level 1 in Maces & Flails
  2399 | D:2      | Reached skill level 1 in Polearms
  2399 | D:2      | Reached skill level 1 in Staves
  2399 | D:2      | Reached skill level 1 in Slings
  2399 | D:2      | Reached skill level 1 in Bows
  2399 | D:2      | Reached skill level 1 in Crossbows
  2399 | D:2      | Reached skill level 1 in Armour
  2399 | D:2      | Reached skill level 1 in Dodging
  2399 | D:2      | Reached skill level 1 in Stealth
  2399 | D:2      | Reached skill level 1 in Shields
  2399 | D:2      | Reached skill level 1 in Unarmed Combat
  2399 | D:2      | Reached skill level 1 in Evocations
  2399 | D:2      | Reached XP level 4. HP: 16/32 MP: 15/15
  2742 | D:3      | Found a blossoming altar of Fedhas.
  2747 | D:3      | Found an ancient bone altar of Kikubaaqudgha.
  2788 | D:3      | Found a shimmering blue altar of Sif Muna.
  2792 | D:3      | Found a radiant altar of Vehumet.
  3014 | D:3      | Reached skill level 1 in Conjurations
  3014 | D:3      | Reached skill level 1 in Hexes
  3014 | D:3      | Reached skill level 1 in Summonings
  3014 | D:3      | Reached skill level 1 in Translocations
  3014 | D:3      | Reached skill level 1 in Transmutations
  3014 | D:3      | Reached skill level 1 in Fire Magic
  3014 | D:3      | Reached skill level 1 in Air Magic
  3014 | D:3      | Reached skill level 1 in Poison Magic
  3330 | D:3      | Found a burning altar of Makhleb.
  3505 | D:3      | Found a stormy altar of Qazlal.
  3825 | D:4      | Noticed an ogre
  3831 | D:4      | Mangled by an ogre

Illustrated notes

Levels and vault maps discovered:
D:1:      scummos_arrival_gate, layout_loops_ring, serial_shops, shop
D:2:      layout_loops_ring, serial_shops, shop,
          hellmonk_ecumenical_altar_inner_sanctum
D:3:      layout_basic, grunt_temple_overflow_forces_of_nature,
          lightli_temple_of_fire, nicolae_overflow_hidden_temple, minitemple,
          chequers_serial_rivers_micro_b, palyth_stone_intersect
D:4:      layout_basic, kennysheep_mini, gammafunk_ghost_icy

Skill      XL: |  1  2  3  4 |
---------------+-------------+-----
Spellcasting   | |  9.3
Necromancy     | 2 |  2.3
Earth Magic    | 2 |  2.3
Invocations    | 1 |  1.4
Fighting       | 1 |  1.2
Short Blades   | 1 |  1.2
Long Blades    | 1 |  1.2
Axes           | 1 |  1.2
Maces & Flails | 1 |  1.2
Polearms       | 1 |  1.2
Staves         | 1 |  1.2
Slings         | 1 |  1.2
Bows           | 1 |  1.2
Crossbows      | 1 |  1.2
Armour         | 1 |  1.2
Dodging        | 1 |  1.2
Stealth        | 1 |  1.2
Shields        | 1 |  1.2
Unarmed Combat | 1 |  1.2
Evocations     | 1 |  1.2
Conjurations   | 1 |  1.0
Hexes          | 1 |  1.0
Summonings     | 1 |  1.0
Translocations | 1 |  1.0
Transmutations | 1 |  1.0
Fire Magic     | 1 |  1.0
Air Magic      | 1 |  1.0
Poison Magic   | 1 |  1.0
Throwing       | |  4.7
Ice Magic      | |  3.9

Action                   |  1- 3 |  4- 6 || total
-------------------------+-------+-------++-------
Melee: Club              |    46 |       ||    46
       Short sword       |    39 |    25 ||    64
       Bite              |     6 |       ||     6
 Cast: Pain              |    14 |    25 ||    39
  Use: Potion            |     1 |     2 ||     3
       Scroll            |     5 |       ||     5
 Stab: Sleeping          |     1 |       ||     1
Armor: Robe              |    22 |       ||    22
       Skin              |     9 |    47 ||    56
       Leather armour    |       |     2 ||     2
Dodge: Dodged            |    52 |    11 ||    63

Table legend: (Time is in decaauts)
 A = Elapsed time spent in this place.
 B = Non-inter-level travel time spent in this place.
 C = Inter-level travel time spent in this place.
 D = Time resting spent in this place.
 E = Time spent auto-exploring this place.
 F = Levels seen in this place.
 G = Mean time per level.
                   A        B        C        D        E       F      G
               +--------+--------+--------+--------+--------+-----+--------+
         Total |   3847 |   3750 |     97 |   1557 |   1059 |   4 |  961.8 |
       Dungeon |   3847 |   3750 |     97 |   1557 |   1059 |   4 |  961.8 |
               +--------+--------+--------+--------+--------+-----+--------+

Top non-repeatable levels by time:
     D:1: 1369 daAuts
     D:2: 1329 daAuts
     D:3: 1143 daAuts
     D:4: 5 daAuts
